 Dungeon Crawl Stone Soup version 0.21.1-1-g345015fe64 (webtiles) character file.

6443 Lavandula the Geomancer (level 10, -6/80 HPs)
             Began as a Barachi Earth Elementalist on July 15, 2018.
             Was a High Priest of Cheibriados.
             Killed by divine providence
             ... invoked by an orc priest
              (13 damage)
             ... on level 10 of the Dungeon on July 17, 2018.
             The game lasted 00:36:30 (4953 turns).

Lavandula the Geomancer (BaEE)                      Turns: 4953, Time: 00:36:31

Health: -6/80      AC:  5    Str: 22    XL:     10   Next: 99%
Magic:  5/21       EV: 17    Int: 34    God:    Cheibriados [*****.]
Gold:   353        SH:  0    Dex: 24    Spells: 6/24 levels left

rFire    . . .     SeeInvis +   r - +4 mace
rCold    . . .     Gourm    .   (no shield)
rNeg     . . .     Faith    +   c - +0 robe
rPois    +         Spirit   .   U - +1 helmet {SInv}
rElec    .         Reflect  .   D - +0 cloak
rCorr    .         Harm     .   (no gloves)
MR       .....                  (no boots)
Stlth    ++........             E - amulet of faith
HPRegen  0.23/turn              A - ring of poison resistance
MPRegen  0.17/turn              T - +3 ring of intelligence

@: very slow
A: +LOS, swims, slowness 1, strong legs 1
a: Hop, Bend Time, Temporal Distortion, Slouch, Step From Time, Renounce
Religion


You were on level 10 of the Dungeon.
You worshipped Cheibriados.
Cheibriados was extremely pleased with you.
You were very hungry.

You visited 2 branches of the dungeon, and saw 11 of its levels.

You collected 353 gold pieces.

Inventory:

Hand Weapons
 b - a +0 blowgun
 h - a +0 dire flail of venom
 m - a +0 short sword
 r - a +4 mace (weapon)
 w - a +0 falchion
 x - a +2 mace of crushing
 H - a +0 broad axe
 J - a +0 lajatang
 M - a +0 whip of flaming
 W - a +1 trident of flaming
Missiles
 o - 11 stones (quivered)
 t - 4 curare-tipped needles
Armour
 c - a +0 robe (worn)
 k - a +0 buckler
 q - a +0 ring mail
 z - a +0 scale mail
 D - a +0 cloak (worn)
 U - a +1 helmet of see invisible (worn)
Magical Staves
 f - an uncursed staff of energy
Jewellery
 s - an uncursed amulet of the gourmand
 A - a ring of poison resistance (left hand)
 E - an amulet of faith (around neck)
 L - an uncursed ring of positive energy
 T - a +3 ring of intelligence (right hand)
Wands
 K - a wand of polymorph (12)
 N - a wand of iceblast (12)
 S - a wand of flame (28)
Scrolls
 a - 3 scrolls of magic mapping
 g - 8 scrolls of remove curse
 j - a scroll of fear {unknown}
 l - a scroll of enchant weapon {unknown}
 n - a scroll of immolation {unknown}
 p - a scroll of fog {unknown}
 B - a scroll of noise {unknown}
 C - a scroll of blinking {unknown}
 F - 3 scrolls of teleportation
 I - a scroll of brand weapon {unknown}
 O - a scroll of amnesia {unknown}
Potions
 i - 2 potions of invisibility {unknown}
 u - a potion of flight {unknown}
 v - 2 potions of might {unknown}
 G - 2 potions of magic {unknown}
 Q - a potion of cancellation {unknown}
 R - a potion of agility
Books
 e - a book of Geomancy

   Spells                             Type                      Level
   a - Sandblast                      Earth                        1
   b - Passwall                       Transmutation/Earth          2
   c - Stone Arrow                    Conjuration/Earth            3
   d - Petrify                        Transmutation/Earth          4
   e - Lee's Rapid Deconstruction     Earth                        5
 y - a book of Misfortune

   Spells                             Type                      Level
   a - Confusing Touch                Hexes                        1
   b - Confuse                        Hexes                        3
   c - Gell's Gravitas                Translocation                3
   d - Petrify                        Transmutation/Earth          4
   e - Metabolic Englaciation         Hexes/Ice                    5
   f - Yara's Violent Unravelling     Hexes/Transmutation          5
Comestibles
 d - 15 rations


   Skills:
 - Level 7.9 Fighting
 + Level 4.3(5.4) Maces & Flails
 - Level 4.9(5.7) Staves
 - Level 5.6 Dodging
 - Level 1.7 Stealth
 - Level 7.8 Spellcasting
 - Level 5.0 Hexes
 - Level 1.1 Transmutations
 - Level 9.0 Earth Magic
 - Level 3.0 Evocations


You had 6 spell levels left.
You knew the following spells:

 Your Spells              Type           Power        Failure   Level  Hunger
a - Sandblast             Erth           ######       1%          1    None
b - Stone Arrow           Conj/Erth      #####.       1%          3    None
c - Petrify               Tmut/Erth      #####...     4%          4    None
d - Lee's Rapid Deconstr  Erth           ######....   2%          5    ####...
e - Confuse               Hex            #####...     1%          3    None
f - Passwall              Tmut/Erth      #####.....   1%          2    None


Dungeon Overview and Level Annotations

Branches:
Dungeon (10/15)            Temple (1/1) D:5
   Lair: D:8-11         Orc: D:9-12

Altars:
Ashenzari
Cheibriados
Dithmenos
Elyvilon
Fedhas
Kikubaaqudgha
Okawaru
Ru
Trog
Uskayaw
Vehumet
Wu Jian
Xom
Yredelemnul
Zin
The Shining One

Annotations:
D:4 Shavain's ghost, amateur GrGl
D:5 SlightEye's ghost, novice OpIE
D:6 Peloso's ghost, novice MiFi


Innate Abilities, Weirdness & Mutations

Shadows flee at your approach. (+LOS)
You can swim through water.
You cover ground slowly.
You can hop short distances.


Message History

The phantom barely misses you.
The orc priest moves out of view.
The yak gores the orc zombie!
The orc zombie is destroyed!
Cheibriados thoroughly appreciates the change of pace.
You hit the phantom.
The phantom is severely damaged.
The phantom blinks!
Okay, then.
You fail to use your ability.
The phantom closely misses you.
Unknown command.
You fail to use your ability.
The phantom hits you.
* * * LOW HITPOINT WARNING * * *
The yak gores the iguana!
The iguana is killed!
Cheibriados thoroughly appreciates the change of pace.
Unknown command.
You fail to use your ability.
The phantom misses you.
The orc priest invokes the aid of Beogh against you.
Beogh smites you!
You die...

##.###...#
#####...#
#.#..>#####
#........#
##
###..####.#
#.##....#
#/....##
#..W.##
#.#@##
#.#.# #.#.#
#.#Y# #.#Y#
#.#.#
#)#Z####
#.[Zo..#
###....#


You could see 2 yaks, a phantom, an orc priest, an orc zombie and a goblin
skeleton.

Vanquished Creatures
  The ghost of SlightEye the Covert, a novice OpAs of Dithmenos (D:9)
  An unseen horror (D:10)
  Pikel (D:8)
  Grinder (D:3)
  A yak (D:10)
  A hungry ghost (D:10)
  Purgy (D:3)
  4 orc warriors
  5 ice beasts
  A sky beast (D:8)
  2 phantoms (D:9)
  2 centaurs
  4 ogres
  4 bullfrogs
  A gnoll sergeant (D:9)
  4 scorpions
  A troll zombie (D:10)
  8 wights
  4 howler monkeys
  2 crimson imps
  A bullfrog zombie (D:9)
  2 jellies (D:8)
  2 centaur zombies
  Crazy Yiuf (D:3)
  4 hounds
  5 orc priests
  2 centaur skeletons
  Natasha (thrice) (D:4)
  3 iguanas
  6 orc wizards
  8 worker ants
  5 ogre zombies (D:10)
  A worker ant zombie (D:6)
  Robin (D:3)
  11 gnolls
  7 adders
  A shadow imp (D:5)
  2 adder zombies
  An adder skeleton (D:9)
  2 worms (D:3)
  2 leopard geckos
  23 orcs
  7 bats
  5 giant cockroaches
  11 hobgoblins
  7 jackals
  8 kobolds
  3 quokkas
  4 frilled lizards
  20 goblins
  A goblin skeleton (D:10)
  2 goblin zombies (D:10)
  A hobgoblin skeleton (D:10)
  A hobgoblin zombie (D:10)
  3 orc skeletons (D:10)
  9 orc zombies (D:10)
  7 rats
231 creatures vanquished.

Vanquished Creatures (others)
  2 slaves (D:8)
2 creatures vanquished.

Grand Total: 233 creatures vanquished

Notes
Turn   | Place    | Note
-------+----------+-------------------------------------------
     0 | D:1      | Lavandula the Barachi Earth Elementalist began the quest for the Orb.
     0 | D:1      | Reached XP level 1. HP: 13/13 MP: 3/3
   148 | D:1      | Reached XP level 2. HP: 19/19 MP: 3/5
   425 | D:2      | Reached XP level 3. HP: 24/24 MP: 2/8
   430 | D:2      | Learned a level 3 spell: Stone Arrow
   537 | D:3      | Noticed Grinder
   544 | D:3      | Killed Grinder
   544 | D:3      | Reached XP level 4. HP: 13/30 MP: 0/12
   544 | D:3      | Reached XP level 5. HP: 15/35 MP: 0/13
   550 | D:3      | Learned a level 4 spell: Petrify
   556 | D:3      | Learned a level 5 spell: Lee's Rapid Deconstruction
   664 | D:3      | Noticed Robin
   677 | D:3      | Reached XP level 6. HP: 34/41 MP: 12/15
   687 | D:3      | Killed Robin
   928 | D:3      | Found a bloodstained altar of Trog.
   974 | D:3      | Noticed Purgy
   995 | D:3      | Killed Purgy
  1099 | D:3      | Found a runed door.
  1127 | D:3      | Noticed Crazy Yiuf
  1138 | D:3      | Killed Crazy Yiuf
  1169 | D:3      | Noticed Natasha
  1213 | D:4      | Reached skill level 4 in Earth Magic
  1213 | D:4      | Reached XP level 7. HP: 43/46 MP: 9/16
  1250 | D:4      | Killed Natasha
  1439 | D:4      | Noticed Natasha
  1440 | D:4      | Noticed Shavain's ghost (amateur GrGl)
  1531 | D:4      | Killed Natasha
  1557 | D:4      | Reached skill level 5 in Earth Magic
  1636 | D:5      | Entered Level 5 of the Dungeon
  1692 | D:5      | Found a shattered altar of Ashenzari.
  1701 | D:5      | Reached skill level 1 in Staves
  1759 | D:4      | Noticed Natasha
  1766 | D:4      | Killed Natasha
  1891 | D:5      | Reached XP level 8. HP: 25/52 MP: 3/17
  2008 | D:5      | Noticed SlightEye's ghost (novice OpIE)
  2101 | D:5      | Found a staircase to the Ecumenical Temple.
  2114 | Temple   | Entered the Ecumenical Temple
  2122 | Temple   | Became a worshipper of Cheibriados the Contemplative
  2192 | D:6      | Reached skill level 6 in Earth Magic
  2453 | D:4      | Reached skill level 7 in Earth Magic
  2612 | D:5      | Found a radiant altar of Vehumet.
  2697 | D:6      | Reached * piety under Cheibriados
  3043 | D:6      | Reached skill level 8 in Earth Magic
  3233 | D:6      | Noticed Peloso's ghost (novice MiFi)
  3265 | D:6      | Reached XP level 9. HP: 57/57 MP: 14/18
  3408 | D:7      | Reached skill level 9 in Earth Magic
  3545 | D:7      | Reached skill level 1 in Fighting
  3680 | D:8      | Reached ** piety under Cheibriados
  3830 | D:8      | Noticed Pikel
  3838 | D:8      | Killed Pikel
  3838 | D:8      | Reached skill level 5 in Dodging
  3856 | D:8      | Learned a level 3 spell: Confuse
  3885 | D:8      | Reached skill level 1 in Evocations
  3996 | D:9      | Found a hide-covered altar of Uskayaw.
  4010 | D:9      | Found an ornate altar of the Wu Jian Council.
  4011 | D:9      | Found a shimmering altar of Xom.
  4064 | D:9      | Noticed SlightEye's ghost (novice OpAs)
  4079 | D:9      | Killed SlightEye's ghost
  4079 | D:9      | Reached skill level 5 in Hexes
  4079 | D:9      | Reached XP level 10. HP: 53/70 MP: 5/19
  4115 | D:9      | Reached *** piety under Cheibriados
  4217 | D:9      | Found a white marble altar of Elyvilon.
  4406 | D:9      | Found a glowing golden altar of the Shining One.
  4479 | D:9      | Noticed a stone giant
  4600 | D:9      | Learned a level 2 spell: Passwall
  4646 | D:10     | Entered Level 10 of the Dungeon
  4660 | D:10     | Reached **** piety under Cheibriados
  4662 | D:10     | Noticed an unseen horror
  4668 | D:10     | Killed an unseen horror
  4815 | D:10     | Reached ***** piety under Cheibriados
  4953 | D:10     | Killed from afar by an orc priest

Skill      XL: |  1  2  3  4  5  6  7  8  9 10 |
---------------+-------------------------------+-----
Spellcasting   | 3 6 7 |  7.8
Maces & Flails | 3 4 |  4.3
Earth Magic    | 4 5 8 9 |  9.0
Staves         | 3 4 |  4.9
Fighting       | 3 7 |  7.9
Dodging        | 5 |  5.6
Evocations     | 3 |  3.0
Hexes          | 5 |  5.0
Stealth        | |  1.7
Transmutations | |  1.1

Action                   |  1- 3 |  4- 6 |  7- 9 | 10-12 || total
-------------------------+-------+-------+-------+-------++-------
Melee: Unarmed           |     2 |       |    18 |       ||    20
       Short sword       |     5 |     9 |       |       ||    14
       Mace              |       |    65 |    82 |    72 ||   219
       Quarterstaff      |       |       |    49 |       ||    49
       Broad axe         |       |       |     2 |       ||     2
       Trident           |       |       |       |     3 ||     3
 Fire: Blowgun           |       |       |     1 |       ||     1
 Cast: Sandblast         |    43 |    45 |    58 |    42 ||   188
       Stone Arrow       |       |    10 |    72 |    19 ||   101
       Lee's Rapid Decon |       |       |    10 |    11 ||    21
       Petrify           |       |       |     1 |       ||     1
       Passwall          |       |       |       |     2 ||     2
       Confuse           |       |       |       |     1 ||     1
Invok: Bend Time         |       |       |     2 |       ||     2
 Abil: Hop               |     1 |     3 |    10 |     3 ||    17
  Use: Scroll            |     1 |       |     6 |       ||     7
       Potion            |       |     1 |     7 |     1 ||     9
  Eat: Chunk             |       |     2 |     8 |     3 ||    13
       Ration            |       |       |     2 |       ||     2
Armor: Robe              |     6 |    22 |    42 |    17 ||    87
       Skin              |       |    79 |       |       ||    79
Dodge: Dodged            |    12 |    56 |   122 |    59 ||   249
